AoeStats
← SpackEye

Arabia

509746018Analyzed
1v1 RM · 5d ago on Sep 27, 2026· 32m 55s· 2 players
Game mode
Random Map
Map size
Tiny (2 player)
Population
200
Speed
Normal
Resources
Standard
Victory
Conquest
Starting age
Dark Age
Ending age
Imperial Age
RankedLock teamsTeams togetherTeam positionsShared explorationLock speedFull tech treeHidden civsTurbo modeCheats
Victory
Defeat
🇲🇽 Burgundians · Mexico
975
+14
🇬🇧 Khmer · United Kingdom
939
-14
SpackEye
10:33 Feudal Age
8:50 Loom
10:36 Feudal Age
13:51 Bloodlines
16:51 Scale Barding Armor
21:38 Castle Age
21:41 Fletching
22:07 Double-Bit Axe
22:01 Crossbowman
22:39 Bodkin Arrow
24:52 Bow Saw
30:06 Pikeman
GuiltySpark
0:54 Loom
7:18 Wheelbarrow
10:12 Feudal Age
11:28 Hand Cart
11:02 Double-Bit Axe
20:36 Bow Saw
20:08 Horse Collar
23:26 Castle Age
21:37 Heavy Plow
22:29 Gold Mining
23:31 Forging
23:26 Scale Barding Armor
24:00 Gold Shaft Mining
24:32 Husbandry
30:08 Two-Man Saw
30:11 Iron Casting
30:28 Chain Barding Armor
30:15 Stone Mining
30:20 Cavalier
Connection lost

Rejoining the realm…

Still unreachable

The connection could not be restored.

Session expired

The server has moved on; the page needs a fresh start.